 Dungeon Crawl Stone Soup version 0.28.0 (console) character file.

Game seed: 5525993147681666934

84 Kloppie the Skirmisher (level 4, -2/44 HPs)
             Began as a Minotaur Berserker on Feb 6, 2022.
             Was a Believer of Trog.
             Killed from afar by an orc wizard (9 damage)
             ... with a magic dart
             ... on level 4 of the Dungeon.
             The game lasted 00:05:42 (2853 turns).

Kloppie the Skirmisher (Minotaur Berserker)         Turns: 2853, Time: 00:05:43

Health: -2/44      AC:  0    Str: 22    XL:     4   Next: 24%
Magic:  3/3        EV: 12    Int:  4    God:    Trog [**....]
Gold:   138        SH:  0    Dex: 11    Spells: 3/3 levels left

rFire   . . .      SeeInvis .   g - +0 flail
rCold   . . .      Faith    .   (no shield)
rNeg    . . .      Spirit   .   (no armour)
rPois   .          Reflect  .   (helmet restricted)
rElec   .          Harm     .   h - scarf {shadows}
rCorr   .          Rampage  .   (no gloves)
Will    .....                   (no boots)
Stlth   +.........              (no amulet)
HPRegen 0.14/turn               (no ring)
MPRegen 0.08/turn               (no ring)

@: no status effects
A: horns 2, retaliatory headbutt
a: Renounce Religion, Berserk, Trog's Hand


You were on level 4 of the Dungeon.
You worshipped Trog.
Trog was pleased with you.
You visited 1 branch of the dungeon, and saw 4 of its levels.

You collected 138 gold pieces.

Inventory:

Hand Weapons
 a - a +0 mace
 g - a +0 flail (weapon)
Armour
 d - a +0 ring mail
 h - a scarf of shadows (worn)
 m - a +0 scale mail
Jewellery
 e - a ring of ice
Scrolls
 b - 3 scrolls of identify {unknown}
 i - 3 scrolls of enchant weapon {unknown}
 j - a scroll of blinking {unknown}
 k - a scroll of teleportation {unknown}
 l - a scroll of magic mapping {unknown}
Potions
 c - a potion of curing {unknown}
 f - a potion of berserk rage {unknown}


   Skills:
 + Level 6.2 Fighting
 - Level 3.6 Maces & Flails
 - Level 2.4 Armour
 - Level 2.1 Dodging


You had 3 spell levels left.
You didn't know any spells.
Your spell library was empty.

Dungeon Overview and Level Annotations

Branches:
Dungeon (4/15)
 Temple: D:4-7

Altars:
Kikubaaqudgha


Innate Abilities, Weirdness & Mutations

You have a pair of horns on your head.
You reflexively headbutt those who attack you in melee.


Message History

You see here a dart slug corpse.
Something hits you but does no damage.
Things that are here:
a +0 flail; a +0 ring mail; an orc corpse You hear some strange, mumbled words.
Keep disrobing?
You are confused.
You start removing your armour.
You continue taking off your +0 ring mail.
Something hits you.
* * * LOW HITPOINT WARNING * * *
You continue taking off your +0 ring mail.
You hear some strange, mumbled words.
A puff of flame appears from out of thin air!
The puff of flame hits you.
* * * LOW HITPOINT WARNING * * *
You continue taking off your +0 ring mail.
Something hits you but does no damage.
You continue taking off your +0 ring mail.
Something completely misses you.
You finish taking off your +0 ring mail.
Things that are here:
a +0 whip; an orc corpse You barely miss something.
Your headbutt misses something.
You feel less confused.
You hear some strange, mumbled words.
Something tries to affect you, but you resist.
You barely miss something. Your headbutt misses something. Something hits you.
* * * LOW HITPOINT WARNING * * *
You miss something. Your punch misses something. Something hits you.
* * * LOW HITPOINT WARNING * * *
Something hits you.
* * * LOW HITPOINT WARNING * * *
You miss something.
You hear the slow rusting of a very distant drain.
You hear the slow hiss of an avalanche of sand very nearby.
You hear some strange, mumbled words.
A magic dart appears from out of thin air!
The magic dart hits you!
You die...

#.###....##.##
#.....######.##
##...### #..#
#...## ##..
##...# ##.
#########...##
##.
...........##
##..
...........##
#...
............##
##.[.
.....##).....#
##....
.......{@#.....
#<..#.
#.....†.####....
#....##.
###.....#
###......##..
#.....# ###...##
. #......# ##..
##.....# #..
....... ##.
........


There were no monsters in sight!

Vanquished Creatures
  A gnoll (D:2)
  An adder (D:2)
  A dart slug (D:4)
  4 orcs
  A bat zombie (D:3)
  6 endoplasms
  3 giant cockroaches (D:3)
  2 goblins (D:2)
  3 hobgoblins
  6 jackals
  5 quokkas
  2 ball pythons (D:3)
  6 bats
  4 frilled lizards
  5 kobolds
  4 rats
  2 rat zombies (D:3)
56 creatures vanquished.

Notes
Turn   | Place    | Note
-------+----------+-------------------------------------------
     0 | D:1      | Kloppie the Minotaur Berserker began the quest for the Orb.
     0 | D:1      | Reached XP level 1. HP: 19/19 MP: 0/0
   130 | D:1      | Reached skill level 4 in Fighting
   203 | D:1      | Reached XP level 2. HP: 14/28 MP: 1/1
   861 | D:1      | Reached skill level 5 in Fighting
  1177 | D:2      | Found a faded altar of an unknown god.
  1389 | D:2      | Reached XP level 3. HP: 30/32 MP: 2/2
  1677 | D:2      | Reached ** piety under Trog
  2083 | D:3      | Found an ancient bone altar of Kikubaaqudgha.
  2267 | D:3      | Reached XP level 4. HP: 44/44 MP: 3/3
  2334 | D:3      | Reached skill level 6 in Fighting
  2853 | D:4      | Killed from afar by an orc wizard

Illustrated notes

Levels and vault maps discovered:
D:1:      dpeg_arrival_fog, layout_basic
D:2:      layout_loops_ring, nicolae_ecumenical_pavilion, cheibrodos_gnoll_hut
D:3:      layout_loops_ring, lemuel_zombie_altar_kikubaaqudgha
D:4:      layout_layer_cave, lemuel_tele_altar, okawaru_trees_2,
          lightli_sewer_entry_pipes, nicolae_ossuary_entry_plus, uniq_menkaure

Skill      XL: |  1  2  3  4 |
---------------+-------------+-----
Fighting       | 4 5 6 |  6.2
Maces & Flails | |  3.6
Armour         | |  2.4
Dodging        | |  2.1

Action                   |  1- 3 |  4- 6 || total
-------------------------+-------+-------++-------
Melee: Mace              |    55 |       ||    55
       Headbutt          |    13 |     2 ||    15
       Flail             |    34 |    20 ||    54
       Punch             |     1 |     3 ||     4
Armor: Animal skin       |     7 |       ||     7
       Ring mail         |    17 |    10 ||    27
Dodge: Dodged            |    52 |     8 ||    60
